 Dungeon Crawl Stone Soup version 0.18.1-6-gd335043 (webtiles) character file.

261 Gargoyl the Covered (level 5, -3/42 HPs)
             Began as a Demonspawn Abyssal Knight on May 16, 2016.
             Was a Priest of Lugonu.
             Slain by Edmund
             ... wielding a +0 flail of draining
              (6 damage)
             ... on level 4 of the Dungeon.
             The game lasted 00:06:33 (4198 turns).

Gargoyl the Covered (Demonspawn Abyssal Knight)     Turns: 4198, Time: 00:06:34

Health: -3/42      AC: 12    Str: 19    XL:     5   Next: 96%
Magic:  6/6        EV:  8    Int: 15    God:    Lugonu [***...]
Gold:   110        SH:  3    Dex: 12    Spells: 0 memorised, 4 levels left

rFire  . . .     SeeInvis .     o - +0 war axe
rCold  . . .     Gourm    .     g - +0 chain mail
rNeg   . . .     Faith    .     (no shield)
rPois  .         Spirit   .     (no helmet)
rElec  .         Dismiss  .     (no cloak)
rCorr  .         Reflect  .     (no gloves)
SustAt .         Harm     .     (no boots)
MR     .....                    (no amulet)
Stlth  ..........               (no ring)
                                (no ring)

@: mighty, very slightly contaminated, hasted, drained, very quick, not
resistant to hostile enchantments, extremely unstealthy
A: large bone plates 2, clever 1, evolution 1, rot immunity
a: Depart the Abyss, Bend Space, Banish, Renounce Religion


You were on level 4 of the Dungeon.
You worshipped Lugonu.
Lugonu was most pleased with you.
You were not hungry.

You visited 1 branch of the dungeon, and saw 4 of its levels.
You visited the Abyss 1 time.

You collected 110 gold pieces.

Inventory:

Hand Weapons
 o - a +0 war axe (weapon)
Missiles
 d - 5 tomahawks (quivered)
Armour
 e - a quicksilver dragon hide
 g - a +0 chain mail (worn)
Wands
 n - a wand of confusion (19/48)
Scrolls
 h - a scroll of magic mapping
Potions
 m - a potion of agility
Books
 i - a book of Maledictions

   Spells                             Type                      Level
   a - Corona                         Hexes                        1
   b - Ensorcelled Hibernation        Hexes/Ice                    2
   c - Confuse                        Hexes                        3
   d - Tukima's Dance                 Hexes                        3
   e - Dazzling Spray                 Conjuration/Hexes            3
Comestibles
 b - 3 meat rations
 c - 3 bread rations


   Skills:
 + Level 3.9(3.6) Fighting
 + Level 2.7(2.5) Axes
 * Level 4.3(4.1) Armour
 + Level 1.8(1.6) Dodging
 + Level 2.5(2.3) Invocations


You had 4 spell levels left.
You didn't know any spells.

Dungeon Overview and Level Annotations

Branches:
Dungeon (4/15)
 Temple: D:4-7

Altars:

Annotations:
D:4 Edmund


Innate Abilities, Weirdness & Mutations

You are mostly covered in large bone plates (AC +3, SH +3).
You are immune to rotting.
Your mind is acute. (Int +2)
You evolve.


Message History

You feel very mighty all of a sudden. The orc hits you but does no damage.
Edmund barely misses you.
Drink which item? (? for menu, Esc to quit)
It was a potion of haste.
You feel yourself speed up. The jackal barely misses you.
You are very lightly contaminated with residual magic.
Drink which item? (? for menu, Esc to quit)
It was a potion of mutation.
You feel extremely strange.
You feel nature experimenting on you.
Don't worry, failures die fast.
Large bone plates spread over more of your arms.
You feel clever. Edmund barely misses you.
The orc priest miscasts a cantrip.
The jackal misses you. The orc hits you but does no damage.
You hit the orc.
The orc is severely wounded.
You closely miss the jackal. You closely miss the orc. You closely miss Edmund.
The jackal closely misses you.
Edmund hits you with a flail of draining.
You die...

### ### ..# ## ##.#
#.###.####..##
#..##.......# ##
#....####..## .# ##..##
###.## ##.# #.##
##..###..# ##.#
##h......# . #..#
###.o@.)...## ...
##.#####...@o###...####
....#..###.o..####
##.....#
............### #.<.###
...###.....## #....# #.
#......# .......# .
#...............#..#
#...........#######.#
#..##.....## .#


You could see Edmund, an orc priest, 2 orcs and a jackal.

Vanquished Creatures
  A howler monkey (D:3)
  3 orc wizards (D:3)
  4 adders
  5 worms
  2 dart slugs
  A giant gecko (D:1)
  11 orcs (D:3)
  6 giant cockroaches
  4 goblins
  4 hobgoblins
  6 jackals (D:1)
  A quokka (D:3)
  2 ball pythons
  8 bats
  4 giant newts
  6 kobolds
  15 rats
83 creatures vanquished.

Notes
Turn   | Place    | Note
--------------------------------------------------------------
     0 | Abyss:1  | Gargoyl the Demonspawn Abyssal Knight began the quest for the Orb.
     0 | Abyss:1  | Reached XP level 1. HP: 18/18 MP: 2/2
    15 | Abyss:1  | Noticed an iron imp
    20 | D:1      | Escaped the Abyss
   266 | D:1      | Reached skill level 2 in Armour
   354 | D:1      | Gained mutation: You are immune to rotting. [demonic ancestry]
   354 | D:1      | Reached XP level 2. HP: 19/24 MP: 3/3
   445 | D:1      | Reached * piety under Lugonu
   467 | D:1      | Reached skill level 1 in Dodging
  1141 | D:2      | Gained mutation: You are partially covered in large bone plates (AC +2, SH +2). [demonic ancestry]
  1141 | D:2      | Reached XP level 3. HP: 15/29 MP: 4/4
  2100 | D:2      | Reached skill level 3 in Armour
  2129 | D:2      | HP: 1/29 [poisoned by an adder]
  2448 | D:2      | Reached ** piety under Lugonu
  2648 | D:3      | Reached XP level 4. HP: 31/35 MP: 5/5
  2682 | D:3      | Found a faded altar to an unknown god.
  3117 | D:3      | Reached XP level 5. HP: 17/41 MP: 6/6
  3412 | D:3      | Reached skill level 4 in Armour
  3796 | D:3      | Reached *** piety under Lugonu
  4183 | D:4      | Noticed Edmund
  4197 | D:4      | Gained mutation: You evolve. [potion of mutation]
  4197 | D:4      | Gained mutation: You are mostly covered in large bone plates (AC +3, SH +3). [potion of mutation]
  4197 | D:4      | Gained mutation: Your mind is acute. (Int +2) [potion of mutation]
  4198 | D:4      | Slain by Edmund

Skill      XL: |  1  2  3  4  5 |
---------------+----------------+-----
Armour         | 2 3 4 |  4.3
Dodging        | 1 |  1.8
Axes           | 2 |  2.7
Fighting       | |  3.9
Invocations    | |  2.5

Action                   |  1- 3 |  4- 6 || total
-------------------------+-------+-------++-------
Melee: Hand axe          |   177 |   168 ||   345
       War axe           |       |     1 ||     1
Invok: Depart the Abyss  |     1 |       ||     1
  Use: Scroll            |     4 |     2 ||     6
       Potion            |       |     6 ||     6
  Eat: Chunk             |     5 |     6 ||    11
Armor: Chain mail        |   151 |   150 ||   301
       Quicksilver drago |     2 |       ||     2
Dodge: Dodged            |    63 |    67 ||   130
Block: Other             |     6 |    12 ||    18
